 Dungeon Crawl Stone Soup version 0.31-a0-1606-g60c5cc7444 (webtiles) character file.

Game seed: 10572235399006093674

60 gergalisaous the Grave Robber (level 3, 0/24 HPs)
             Began as a Mummy Necromancer on Jan 8, 2024.
             Slain by a +4 heavy rapier (8 damage)
             ... created by the rancor of the Wu Jian Council
             ... on level 3 of the Dungeon.
             The game lasted 00:10:07 (2445 turns).

gergalisaous the Grave Robber (Mummy Necromancer)   Turns: 2445, Time: 00:10:07

Health: 0/24       AC:  3    Str: 11    XL:     3   Next: 80%
Magic:  8/8        EV: 12    Int: 22    God:
Gold:   68         SH:  0    Dex: 12    Spells: 7/9 levels left

rFire   x . .        j - +4 dagger
rCold   + . .        (no shield)
rNeg    + + +        a - +1 robe
rPois   ∞            (no helmet)
rElec   .            (no cloak)
rCorr   .            (no gloves)
SInv    .            (no boots)
Will    .....        (no amulet)
Stlth   ++           d - +6 ring of intelligence
HPRegen 0.24/turn    (no ring)
MPRegen 0.11/turn

%: faith
@: no status effects
A: cold resistance 1, negative energy resistance 3, torment resistance 2, heat
vulnerability 1, in touch with death 1, no potions, faith
a: no special abilities


You were on level 3 of the Dungeon.
You visited 1 branch of the dungeon, and saw 3 of its levels.

You collected 68 gold pieces.

Inventory:

Hand Weapons
 b - a +0 short sword
 j - a +4 dagger (weapon)
Armour
 a - a +1 robe (worn)
Jewellery
 d - a +6 ring of intelligence (left hand)
Scrolls
 c - a scroll of enchant armour
 e - a scroll of immolation


   Skills:
 + Level 1.6 Dodging
 + Level 1.9 Stealth
 + Level 3.9 Spellcasting
 + Level 4.7 Necromancy


You had 7 spell levels left.
You knew the following spells:

 Your Spells              Type           Power      Damage    Failure   Level
a - Necrotise             Necr           100%       1d9       1%          1
b - Kiss of Death         Conj/Necr      88%        2d12      4%          1

Your spell library contained the following spells:

 Spells                   Type           Power      Damage    Failure   Level
 Vampiric Draining        Necr           37%        2d8       4%          3
 Sandblast                Erth           8%         2d5       12%         1
 Animate Dead             Necr           37%        N/A       16%         4
 Dispel Undead            Necr           37%        3d15      16%         4
 Confusing Touch          Hex            4%         N/A       34%         3
 Inner Flame              Hex/Fire       4%         N/A       34%         3
 Passwall                 Erth           4%         N/A       34%         3
 Stone Arrow              Conj/Erth      8%         3d7       34%         3
 Curse of Agony           Necr           37%        N/A       41%         5
 Brom's Barrelling Bould  Conj/Erth      4%         2d3       75%         4
 Flame Wave               Conj/Fire      4%         2d5       75%         4
 Sticky Flame             Fire/Alch      4%         2d4       75%         4
 Haunt                    Necr/Summ      11%        N/A       100%        7
 Infestation              Necr           18%        N/A       100%        8


Dungeon Overview and Level Annotations

Branches:
Dungeon (3/15)

Altars:
Wu Jian


Innate Abilities, Weirdness & Mutations

You are immune to poison.
Your flesh is cold resistant. (rC+)
You are immune to negative energy. (rN+++)
You are immune to unholy pain and torment.
You are vulnerable to heat. (rF-)
You are in touch with the powers of death.
You do not drink.
You have a special connection with the divine. (Faith)


Message History

Okay, then.
You swap places.
e - a scroll of immolation You swap places.
Sifu Xiang Ba says: Suffer, mortal!
The rancor of the Wu Jian Council corrodes you! 5 dancing weapons come into view.
There is a +0 quarterstaff of electrocution.
There is a +4 heavy rapier.
There is a +2 heavy rapier.
There is a +4 great sword of freezing.
There is a +0 heavy dire flail.
Blink to where?
Press: ? - help, Dir - move target
As you read the scroll of blinking, it crumbles to dust.
Your rat skeleton bites the +0 quarterstaff of electrocution.
The +4 heavy rapier moves out of view.
The +2 heavy rapier moves out of view.
The +4 great sword of freezing moves out of view.
The +0 heavy dire flail moves out of view.
Casting: Necrotise (safe; 1% risk of failure)
Confirm with . or Enter, or press ? or * to list all spells.
You can't see any susceptible monsters within range! (Use Z to cast anyway.)
You are no longer corroded.
Found 7 gold pieces.
You see here 7 gold pieces.
You barely miss the +0 heavy dire flail.
The +0 heavy dire flail hits you!
Ouch! That really hurt!
* * * LOW HITPOINT WARNING * * *
You hit the +0 heavy dire flail.
The +0 heavy dire flail is severely damaged.
You hit the +0 heavy dire flail.
You destroy the +0 heavy dire flail!
That felt strangely unrewarding.
Casting: Necrotise (safe; 1% risk of failure)
Confirm with . or Enter, or press ? or * to list all spells.
You can't see any susceptible monsters within range! (Use Z to cast anyway.)
Casting: Necrotise (safe; 1% risk of failure)
Confirm with . or Enter, or press ? or * to list all spells.
You can't see any susceptible monsters within range! (Use Z to cast anyway.)
You hit the +4 heavy rapier.
The +4 heavy rapier is heavily damaged.
The +4 heavy rapier hits you!
You die...

##############
#.......(..(.#
#.##########.# #(#
#.# #.# #.# #.# #.#
#.# #.# ####.# #(#
#@.$.# #.# # #(####
#.# #$#.# #.#
#.#.#############.#
#.#
#.....Z.....(.....#
#.#
###.###############
#.### #..........
#.#.. #.#........
#.#.# #.#########


You could see a +4 heavy rapier.

Vanquished Creatures
  A dancing weapon (D:3)
  2 adders
  2 dart slugs (D:1)
  4 ball pythons
  3 endoplasms
  5 goblins
  6 hobgoblins
  2 quokkas (D:1)
  A bat (D:2)
  6 frilled lizards
  2 kobolds
  3 rats
37 creatures vanquished.

Vanquished Creatures (collateral kills)
  A kobold (D:2)
1 creature vanquished.

Grand Total: 38 creatures vanquished

Notes
Turn   | Place    | Note
-------+----------+-------------------------------------------
     0 | D:1      | gergalisaous the Mummy Necromancer began the quest for the
                  | Orb.
     0 | D:1      | Reached XP level 1. HP: 13/13 MP: 4/4
   247 | D:1      | Reached XP level 2. HP: 13/19 MP: 2/5
   383 | D:1      | You fall into a shaft and drop 1 floor!
   710 | D:2      | Learned a level 1 spell: Kiss of Death
  1178 | D:2      | Found an ornate altar of the Wu Jian Council.
  1279 | D:2      | Reached XP level 3. HP: 24/24 MP: 5/7
  1684 | D:1      | Found a faded altar of an unknown god.
  2227 | D:1      | Prayed at the altar of an unknown god.
  2227 | D:1      | Became a worshipper of the Wu Jian Council
  2227 | D:1      | Reached * piety under Wu Jian
  2229 | D:1      | Fell from the grace of Wu Jian
  2403 | D:3      | Noticed a +0 quarterstaff of electrocution
  2403 | D:3      | Noticed a +4 heavy rapier
  2403 | D:3      | Noticed a +2 heavy rapier
  2403 | D:3      | Noticed a +4 great sword of freezing
  2403 | D:3      | Noticed a +0 heavy dire flail
  2442 | D:3      | Killed a +0 heavy dire flail
  2445 | D:3      | Slain by a +4 heavy rapier

Illustrated notes

Levels and vault maps discovered:
D:1:      onia_arrival_mini_spirals, layout_loops_ring, basic_ecumenical_altar
D:2:      layout_basic, basic_altar, kennysheep_generic_room_12
D:3:      layout_basic, led_sif_book, grunt_temple_overflow_champion_of_chaos

Skill      XL: |  1  2 |
---------------+-------+-----
Spellcasting   | 3 |  3.9
Dodging        | |  1.6
Stealth        | |  1.9
Necromancy     | |  4.7

Action                     || total
---------------------------++-------
  Melee: Short sword       ||     4
         Dagger            ||     5
   Cast: Necrotise         ||    57
 Invoke: Renounce Religion ||     1
    Use: Scroll            ||     6
   Stab: Distracted        ||     1
 Armour: Robe              ||    11
  Dodge: Dodged            ||    12

Table legend: (Time is in decaauts)
 A = Elapsed time spent in this place.
 B = Non-inter-level travel time spent in this place.
 C = Inter-level travel time spent in this place.
 D = Time resting spent in this place.
 E = Time spent auto-exploring this place.
 F = Levels seen in this place.
 G = Mean time per level.
                   A        B        C        D        E       F      G
               +--------+--------+--------+--------+--------+-----+--------+
         Total |   2443 |   2250 |    193 |     42 |   1797 |   3 |  814.3 |
       Dungeon |   2443 |   2250 |    193 |     42 |   1797 |   3 |  814.3 |
               +--------+--------+--------+--------+--------+-----+--------+

Top non-repeatable levels by time:
     D:2: 1354 daAuts
     D:1: 947 daAuts
     D:3: 140 daAuts
